 Dungeon Crawl Stone Soup version 0.29-a0-369-gd956c00756 (webtiles) character file.

Game seed: 4634046935456533686

37 Antichthon the Shield-Bearer (level 3, -1/23 HPs)
             Began as a Gargoyle Fighter on May 2, 2022.
             Slain by Sigmund
             ... wielding a +0 scythe
              (7 damage)
             ... on level 2 of the Dungeon.
             The game lasted 00:01:56 (1575 turns).

Antichthon the Shield-Bearer (Gargoyle Fighter)     Turns: 1575, Time: 00:01:56

Health: -1/23      AC: 12    Str: 19    XL:     3   Next: 39%
Magic:  3/3        EV:  7    Int: 10    God:
Gold:   44         SH:  0    Dex:  9    Spells: 2/2 levels left

rFire   . . .      SeeInvis .   a - +0 flail
rCold   . . .      Faith    .   c - +1 buckler
rNeg    + . .      Spirit   .   g - +0 chain mail
rPois   ∞          Reflect  .   (no helmet)
rElec   +          Harm     .   (no cloak)
rCorr   .          Rampage  .   (no gloves)
Will    .....                   (no boots)
Stlth   ..........              (no amulet)
HPRegen 0.07/turn               (no ring)
MPRegen 0.08/turn               (no ring)

@: confused, mighty
A: sickness immunity, AC +3, negative energy resistance 1, electricity
resistance, torment resistance 1, petrification resistance
a: no special abilities


You were on level 2 of the Dungeon.
You visited 1 branch of the dungeon, and saw 2 of its levels.

You collected 44 gold pieces.

Inventory:

Hand Weapons
 a - a +0 flail (weapon)
Armour
 c - a +1 buckler (worn)
 g - a +0 chain mail (worn)
Jewellery
 l - a ring of wizardry
Scrolls
 b - a scroll of fog {unknown}
Potions
 d - a potion of might
 e - 3 potions of attraction {unknown}
 f - a potion of degeneration {unknown}
 h - a potion of ambrosia {unknown}
 i - a potion of haste {unknown}
 j - a potion of heal wounds {unknown}
 k - a potion of curing {unknown}


   Skills:
 * Level 3.5 Fighting
 * Level 2.5 Maces & Flails
 * Level 3.5 Armour
 * Level 0.3 Dodging
 * Level 3.6 Shields
 * Level 0.8 Invocations


You had 2 spell levels left.
You didn't know any spells.
Your spell library was empty.

Dungeon Overview and Level Annotations

Branches:
Dungeon (2/15)

Altars:

Annotations:
D:2 Sigmund


Innate Abilities, Weirdness & Mutations

You are immune to sickness and miasma.
Your stone body is resilient. (AC +3)
You are immune to poison.
You resist negative energy. (rN+)
You are resistant to electric shocks. (rElec)
You are resistant to unholy torment.
You are immune to petrification.


Message History

You hit Sigmund.
Sigmund is lightly wounded.
Okay, then.
You feel less confused. Sigmund closely misses you.
You feel very mighty all of a sudden. Sigmund hits you with a +0 scythe.
You sock Sigmund!
Sigmund is moderately wounded.
Sigmund says, "Look into my eyes."
Sigmund gestures at you while chanting. You resist with significant effort.
You barely miss Sigmund.
Sigmund is moderately wounded.
Sigmund gestures at you while chanting. The magic dart hits you!
You sock Sigmund!
Sigmund is severely wounded.
Sigmund barely misses you.
You closely miss Sigmund.
Sigmund is severely wounded.
Sigmund points at you and mumbles some strange words.
You are confused.
You hit Sigmund.
Sigmund is severely wounded.
Sigmund points at you and mumbles some strange words.
You are more confused.
Sigmund casts a spell at you. The magic dart hits you.
Sigmund closely misses you.
Sigmund casts a spell.
Sigmund flickers and vanishes!
Deactivating autopickup; reactivate with Ctrl-A.
You hear some strange, mumbled words.
You are more confused.
You closely miss something. Something hits you.
* * * LOW HITPOINT WARNING * * *
Something hits you but does no damage. Something hits you!
You die...

!#....).........
......>.......# #...
........#
#..###..#....#
#............#
#............#
#.####............#
#......<..{.......##
######.....@........
J.................
..##...####........
#...# #)#....##
#.... ..######
#...## ### ##?.#


There were no monsters in sight!

Vanquished Creatures
  A dart slug (D:1)
  2 ball pythons (D:1)
  4 bats
  5 endoplasms
  2 giant cockroaches (D:1)
  3 goblins (D:1)
  3 hobgoblins (D:1)
  2 jackals (D:1)
  2 kobolds (D:1)
  A quokka (D:1)
  2 frilled lizards
  3 rats (D:1)
30 creatures vanquished.

Notes
Turn   | Place    | Note
-------+----------+-------------------------------------------
     0 | D:1      | Antichthon the Gargoyle Fighter began the quest for the
                  | Orb.
     0 | D:1      | Reached XP level 1. HP: 14/14 MP: 1/1
   448 | D:1      | Reached XP level 2. HP: 19/19 MP: 2/2
   494 | D:1      | Found a faded altar of an unknown god.
   853 | D:1      | Reached XP level 3. HP: 23/23 MP: 3/3
  1432 | D:2      | Noticed Sigmund
  1575 | D:2      | Slain by Sigmund

Illustrated notes

Levels and vault maps discovered:
D:1:      psy_arrival_whirlpool, layout_loops_ring,
          ebering_ecumenical_altar_sacrificial, minivault_5
D:2:      layout_basic, roderic_roman_lattice, serial_bayou_pond_c,
          roderic_lattice_a, pf_guarded_unrand_delatra, uniq_jessica,
          uniq_sigmund

Action                   || total
-------------------------++-------
Melee: Flail             ||    95
  Use: Scroll            ||     4
       Potion            ||     1
Armor: Scale mail        ||    15
       Chain mail        ||    43
Dodge: Dodged            ||    37
Block: Buckler           ||    16

Table legend: (Time is in decaauts)
 A = Elapsed time spent in this place.
 B = Non-inter-level travel time spent in this place.
 C = Inter-level travel time spent in this place.
 D = Time resting spent in this place.
 E = Time spent auto-exploring this place.
 F = Levels seen in this place.
 G = Mean time per level.
                   A        B        C        D        E       F      G
               +--------+--------+--------+--------+--------+-----+--------+
         Total |   1607 |   1581 |     26 |    106 |   1143 |   2 |  803.5 |
       Dungeon |   1607 |   1581 |     26 |    106 |   1143 |   2 |  803.5 |
               +--------+--------+--------+--------+--------+-----+--------+

Top non-repeatable levels by time:
     D:1: 1536 daAuts
     D:2: 70 daAuts
